cohdb
Replays
Latest Replays
All Replays
Popular Replays
Top Player Replays
Match Explorer
How It Works
Community
CoH3 Stats
Reddit
Sign in to upload your games and track your stats! →
Sign in with Steam
Match 42533818
Unlisted
Match 42533818
Overview
Messages
Build Orders
End
Panzergrenadier Squad
Panzergrenadier Squad
Panzerpioneer Squad
Construct Light Support Kompanie
Fire Support Elements
Assault Grenadier Squad
MG34 Team
le.IG 18 Mechanized Group
Selects Italian Infantry
Selects Defensive Operations
Flakvierling Half-track
MG34 Team
Selects Guastatori Squad
Selects Territory Booby Traps
Selects L6/40 Light Tank Combat Group
2.5-tonne Medical Truck
Combat Half-tracks
Construct Panzerarmee Kommand
Construct Mechanized Kompanie
Marder III Tank Destroyer
Selects Towed Cannone da 105/28 Field Howitzer
Towed Cannone da 105/28 Field Howitzer
Emergency Repair Kits
Pak 38 Mechanized Group
18-tonne Recovery Half-track
Panzerjäger Squad
Guastatori Squad
SenritsuSora
城南抠鼻老汉
贞德!
WheresPine
TidaL
馬的小霸王
This game made me racer. F CH*NA
BeardForce1
0
0
Comments
sign in to comment!
No comments posted yet!